 Dungeon Sprint DCSS version 0.19-a0-664-g51fd293 (webtiles) character file.

444 Laraso the Grappler (level 6, -3/91 HPs)
             Began as a Troll Berserker on June 15, 2016.
             Was a Priest of Trog.
             Slain by Sonja
             ... wielding a +0 short sword of draining
              (8 damage)
             ... in the Dungeon (Sprint I: "Red Sonja").
             The game lasted 00:01:09 (202 turns).

Laraso the Grappler (Troll Berserker)                Turns: 202, Time: 00:01:09

Health: -3/91      AC:  5    Str: 31    XL:     6   Next: 72%
Magic:  5/5        EV:  9    Int:  3    God:    Trog [***...]
Gold:   297        SH:  0    Dex: 11    Spells: 0 memorised, 5 levels left

rFire  . . .     SeeInvis .       - Unarmed
rCold  . . .     Gourm    +     a - +0 animal skin
rNeg   . . .     Faith    .     (no shield)
rPois  .         Spirit   .     (helmet restricted)
rElec  .         Dismiss  .     (no cloak)
rCorr  .         Reflect  .     (gloves unavailable)
SustAt .         Harm     .     (boots unavailable)
MR     ++...     NoTele   +     (no amulet)
Stlth  ..........               (no ring)
                                (no ring)

@: berserking (expiring), lethally poisoned (-3 -> -4), regenerating, slowed,
very heavily drained, very resistant to hostile enchantments, extremely
unstealthy
A: unfitting armour, claws 3, fast metabolism 3, gourmand, regeneration 2,
shaggy fur 1, tough skin 2
a: Berserk, Trog's Hand, Burn Spellbooks, Renounce Religion


You were in the Dungeon.
You worshipped Trog.
Trog was most pleased with you.
You were very full.

You visited 1 branch You collected 297 gold pieces.

Inventory:

Armour
 a - a +0 animal skin (worn)
Scrolls
 h - a scroll of blinking
Potions
 c - a potion of curing
 d - 2 potions of heal wounds
 e - a potion of haste
 f - 2 potions of magic
 g - a potion of berserk rage
Comestibles
 b - 2 bread rations
 i - a chunk of flesh


   Skills:
 - Level 3.6(0.6) Fighting
 - Level 3.6(0.6) Dodging
 * Level 13.5(9.5) Unarmed Combat


You had 5 spell levels left.
You didn't know any spells.

Dungeon Overview and Level Annotations

Branches:
Dungeon (1/1)

Altars:
Elyvilon
Gozag
Hepliaklqana
Kikubaaqudgha
Makhleb
Nemelex Xobeh
Okawaru
Pakellas
Qazlal
Ru
Sif Muna
Trog
Uskayaw
Vehumet
Xom
Yredelemnul
Zin
The Shining One

Shops:
D }

Annotations:
D Sonja


Innate Abilities, Weirdness & Mutations

You are too large for most types of armour.
You have claws for hands.
Your metabolism is lightning-fast.
You like to eat raw meat.
You heal very quickly.
You are covered in fur. (AC +1)
You have very tough skin. (AC +2)


Message History

Unknown command.
Unknown command.
You completely miss Sonja.
You feel sick.
Sonja mumbles some strange words.
Sonja blinks!
You feel sick.
Sonja unwields an uncursed short sword of draining.
Sonja wields an uncursed blowgun.
Sonja shoots a curare-tipped needle.
The curare-tipped needle hits you.
You are more poisoned.
You have difficulty breathing.
* * * LOW HITPOINT WARNING * * *
You feel as though you will be slow longer.
You see here a curare-tipped needle.
You take 6 damage, and have 53/91 hp.
You feel a strong urge to attack something.
You feel sick.
Sonja shoots a curare-tipped needle.
The curare-tipped needle hits you.
You are more poisoned.
You have difficulty breathing.
* * * LOW HITPOINT WARNING * * *
You feel as though you will be slow longer.
You see here a curare-tipped needle.
You take 9 damage, and have 44/91 hp.
You feel sick.
Sonja unwields an uncursed blowgun.
Sonja wields an uncursed short sword of draining.
You sense an unholy aura.
Sonja hits you with an uncursed short sword of draining.
* * * LOW HITPOINT WARNING * * *
You feel drained.
* * * LOW HITPOINT WARNING * * *
Sonja hits you with an uncursed short sword of draining.
* * * LOW HITPOINT WARNING * * *
You feel drained.
* * * LOW HITPOINT WARNING * * *
Sonja hits you with an uncursed short sword of draining.
* * * LOW HITPOINT WARNING * * *
You feel drained.
* * * LOW HITPOINT WARNING * * *
There is an entrance to Gosepp's Gadget Emporium here.
You take 21 damage, and have 23/91 hp.
MASSIVE DAMAGE!!
You barely miss Sonja.
You feel sick.
Sonja hits you with an uncursed short sword of draining!
* * * LOW HITPOINT WARNING * * *
You feel drained.
* * * LOW HITPOINT WARNING * * *
Sonja hits you but does no damage.
You feel drained.
Sonja hits you with an uncursed short sword of draining.
* * * LOW HITPOINT WARNING * * *
You feel drained.
* * * LOW HITPOINT WARNING * * *
You take 17 damage, and have 6/91 hp.
Unknown command.
You claw Sonja!
You feel sick.
Sonja hits you with an uncursed short sword of draining!
You die...

################
#<.#..)..#..'..#
#..').#..').#..+
#..#####'#####'#
#..####..#...#.#
#..#__####..##[#
#..#_____##(#..+
#⌠⌠#_K@((.÷..._#
####_._._##_(#+#
#_____###(#
####### #.# $.$
#$.$# ##.## #+#


You could see Sonja.

Vanquished Creatures
  Sigmund (D)
  A yak (D)
  An ogre (D)
  A jelly (D)
  Ijyb (D)
5 creatures vanquished.

Notes
Turn   | Place    | Note
--------------------------------------------------------------
     0 | D        | Laraso the Troll Berserker began the quest for the Orb.
     0 | D        | Reached XP level 1. HP: 22/22 MP: 0/0
     2 | D        | Noticed Ijyb
    10 | D        | Killed Ijyb
    10 | D        | Reached skill level 3 in Fighting
    10 | D        | Reached skill level 3 in Dodging
    10 | D        | Reached skill level 4 in Unarmed Combat
    10 | D        | Reached XP level 2. HP: 26/31 MP: 1/1
    15 | D        | Noticed an ogre
    18 | D        | Killed an ogre
    18 | D        | Reached ** piety under Trog
    18 | D        | Reached skill level 8 in Unarmed Combat
    18 | D        | Reached XP level 3. HP: 37/37 MP: 2/2
    18 | D        | Reached XP level 4. HP: 46/46 MP: 3/3
    68 | D        | Noticed Sigmund
    73 | D        | Killed Sigmund
    73 | D        | Reached skill level 11 in Unarmed Combat
    73 | D        | Reached XP level 5. HP: 53/53 MP: 4/4
   126 | D        | Found a deep blue altar of Sif Muna.
   128 | D        | Found a radiant altar of Vehumet.
   130 | D        | Reached skill level 12 in Unarmed Combat
   130 | D        | Reached XP level 6. HP: 61/61 MP: 5/5
   137 | D        | Found Gosepp's Gadget Emporium.
   137 | D        | Found a white marble altar of Elyvilon.
   137 | D        | Found a burning altar of Makhleb.
   137 | D        | Found a sacrificial altar of Ru.
   137 | D        | Found an oddly glowing altar of Pakellas.
   137 | D        | Found a hide-covered altar of Uskayaw.
   137 | D        | Found a glowing golden altar of the Shining One.
   137 | D        | Found an opulent altar of Gozag.
   137 | D        | Found a glowing silver altar of Zin.
   137 | D        | Noticed a yak
   140 | D        | Killed a yak
   140 | D        | Reached *** piety under Trog
   140 | D        | Reached skill level 13 in Unarmed Combat
   141 | D        | Found a stormy altar of Qazlal.
   141 | D        | Found a hazy altar of Hepliaklqana.
   141 | D        | Found a basalt altar of Yredelemnul.
   141 | D        | Found an iron altar of Okawaru.
   141 | D        | Found a sparkling altar of Nemelex Xobeh.
   141 | D        | Found a shimmering altar of Xom.
   141 | D        | Found an ancient bone altar of Kikubaaqudgha.
   144 | D        | Found a bloodstained altar of Trog.
   190 | D        | Noticed Sonja
   200 | D        | HP: 33/91 [Sonja/uncursed short sword of draining (5)]
   201 | D        | HP: 13/91 [Sonja/uncursed short sword of draining (9)]
   201 | D        | HP: 6/91 [Sonja/uncursed short sword of draining (1)]
   202 | D        | Slain by Sonja

Vault maps used:
D:        dungeon_sprint_1

Skill      XL: |  1  2  3  4  5  6 |
---------------+-------------------+-----
Fighting       | 3 |  3.6
Dodging        | 3 |  3.6
Unarmed Combat | 4 8 11 12 13 | 13.5

Action                   |  1- 3 |  4- 6 || total
-------------------------+-------+-------++-------
Melee: Unarmed           |    10 |    10 ||    20
       Punch             |       |     1 ||     1
Invok: Berserk           |     1 |     2 ||     3
       Trog's Hand       |       |     1 ||     1
  Eat: Chunk             |       |     9 ||     9
Armor: Animal skin       |     2 |     6 ||     8
Dodge: Dodged            |     1 |    11 ||    12

Table legend:
 A = Kills in this place as a percentage of kills in entire the game.
 B = Kills by you in this place as a percentage of kills by you in the entire game.
 C = Kills by friends in this place as a percentage of kills by friends in the entire game.
 D = Other kills in this place as a percentage of other kills in the entire game.
 E = Experience gained in this place as a percentage of experience gained in the entire game.
 F = Experience gained in this place divided by the number of levels of this place that you have seen.
                   A       B       C       D       E      F
               +-------+-------+-------+-------+-------+----------------------
         Total | 100.0 | 100.0 |  -nan |  -nan | 100.0 | 635.0
       Dungeon | 100.0 | 100.0 |  -nan |  -nan | 100.0 | 635.0
               +-------+-------+-------+-------+-------+----------------------

Table legend:
 A = Turns spent in this place as a percentage of turns spent in the entire game.
 B = Non-inter-level travel turns spent in this place as a percentage of non-inter-level travel turns spent in the entire game.
 C = Inter-level travel turns spent in this place as a percentage of turns spent in this place.
 D = Turns resting spent in this place as a percentage of non-inter-level travel turns spent in this place.
 E = Turns spent auto-exploring this place as a percentage of non-inter-level travel turns spent in this place.
 F = Non-inter-level travel turns spent in this place divided by the number of levels of this place that you've seen.
                   A       B       C       D       E      F
               +-------+-------+-------+-------+-------+----------------------
         Total | 100.0 | 100.0 |   0.0 |   6.1 |   0.0 | 147.0
       Dungeon | 100.0 | 100.0 |   0.0 |   6.1 |   0.0 | 147.0
               +-------+-------+-------+-------+-------+----------------------

Vault maps used:
D:        dungeon_sprint_1
